 Dungeon Crawl Stone Soup version 0.14-a0-3247-g5fd345f (webtiles) character file.

984 Psiweapon the Covert (level 8, -2/41 HPs)
             Began as a Kobold Enchanter on Mar 12, 2014.
             Slain by an orc
             ... wielding a +1,+0 hand axe of flaming
              (3 damage)
             ... on Level 6 of the Dungeon.
             The game lasted 00:20:35 (4209 turns).

Psiweapon the Covert (Kobold Enchanter)             Turns: 4209, Time: 00:20:36

HP  -2/41        AC  5     Str  8      XL: 8   Next:  3%
MP   0/13        EV 15     Int 13      God:
Gold 252         SH  0     Dex 17      Spells:  2 memorised,  8 levels left

rFire  . . .     SeeInvis .     a - +2,+1 dagger
rCold  . . .     Clarity  .     b - +1 robe
rNeg   . . .     Conserve .     (no shield)
rPois  .         rCorr    .     (no helmet)
rElec  .         rRot     .     (no cloak)
SustAb . .       Spirit   .     r - +0 pair of gloves
rMut   .         Warding  .     s - +0 pair of boots
Saprov + + .     Stasis   .     (no amulet)
MR     .....                    (no ring)
                                (no ring)

@: slowed, very slow, not resistant to hostile enchantments, very stealthy
A: disease resistance, carnivore 3, saprovore 2
a: no special abilities


You were on level 6 of the Dungeon.
You were full.

You visited 1 branch of the dungeon, and saw 6 of its levels.

You collected 252 gold pieces.

Inventory:

Hand weapons
 a - a +2,+1 dagger (weapon)
 C - a cursed -2,+0 long sword
Missiles
 d - 10 darts (quivered)
 m - a steel dart
 n - 3 darts of dispersal
 o - 75 bolts
 L - 8 tomahawks
Armour
 b - a +1 robe (worn)
 k - a +0 pair of gloves
 p - a +0 pair of gloves
 r - a +0 pair of gloves (worn)
 s - a +0 pair of boots (worn)
Magical devices
 E - a wand of digging (7)
 J - a wand of digging (9)
Comestibles
 f - a meat ration
 w - a slice of pizza
 z - a sausage
Scrolls
 g - 3 scrolls of blinking
 h - 4 scrolls of remove curse
 j - 2 scrolls of enchant weapon I
 l - 2 scrolls of enchant armour
 t - a scroll of noise
 u - a scroll of identify
 v - 3 scrolls of amnesia
 y - 4 scrolls of teleportation
 G - a scroll of enchant weapon II
 K - a scroll of fog
Potions
 e - a potion of degeneration
 i - a potion of curing
 q - a potion of agility
 A - a potion of cure mutation
 B - 2 potions of might {unknown}
 D - a potion of paralysis
 I - a potion of beneficial mutation {unknown}
Books
 c - a book of Maledictions

   Spells                             Type                      Level
   *Corona                            Hexes                        1
   Sure Blade                         Hexes/Charms                 2
   *Ensorcelled Hibernation           Hexes/Ice                    2
   Confuse                            Hexes                        3
   Enslavement                        Hexes                        4
   Invisibility                       Hexes                        6
Magical staves
 F - an uncursed staff of power
 H - an uncursed staff of poison
Rods
 x - a -1 lightning rod (12/12)
   (You found it on level 3 of the Dungeon)


   Skills:
 - Level 1.3 Short Blades
 - Level 1.3 Throwing
 - Level 2.4 Dodging
 + Level 8.7 Stealth
 - Level 2.0 Spellcasting
 + Level 6.6 Hexes


You had 8 spell levels left.
You knew the following spells:

 Your Spells              Type           Power        Failure   Level  Hunger
a - Corona                Hex            ###....      1%          1    ##.....
b - Ensorcelled Hibernat  Hex/Ice        #.....       12%         2    ###....


Dungeon Overview and Level Annotations

Branches:
Dungeon (6/15)
 Temple: D:4-7

Altars:
Kikubaaqudgha
Nemelex Xobeh
Okawaru
Sif Muna
Trog
Zin

Annotations:
D:2 1 exclusion
D:5 Sigmund; timbw's ghost, experienced OgFi


Innate Abilities, Weirdness & Mutations

You recuperate from illness quickly.
You are small and have problems with some larger weapons.
You are carnivorous and can eat meat at any time.
You can eat rotten meat.


Message History

The orc barely misses you.
Casting: Corona
Confirm with . or Enter, or press ? or * to list all spells.
Aiming: Corona
Press: ? - help, Shift-Dir - straight line, f/p - orc
Aim: an orc, wielding a hand axe of flaming and wearing a glowing chain mail (severely wounded)
The orc is outlined in light.
The orc closely misses you.
You hit the orc but do no damage.
The orc is severely wounded.
The orc hits you with a hand axe of flaming.
* * * LOW HITPOINT WARNING * * *
The orc burns you.
* * * LOW HITPOINT WARNING * * *
You hit the orc but do no damage.
The orc is severely wounded.
The orc zaps a wand.
You easily resist.
The orc hits you with a hand axe of flaming!
* * * LOW HITPOINT WARNING * * *
The orc burns you.
You die...

.................................
#.........###..............?.....
..........# #................
..........###................ ...
..>.......................... ...
............................. ...
.............................. ..
.............................. ..
................@o............ ..
..............###)............ #
#.............# #.............# #
.............###...........[.###
#...................)..()).....
#.....#..............###.)......
...###.......o......# #........
## ###..............###........
##.#..............[..........


You could see an orc.

Vanquished Creatures
  A water moccasin (D:6)
  A necrophage (D:4)
  An orc warrior (D:6)
  Blork the orc (D:5)
  A hound (D:6)
  An orc priest (D:6)
  2 orc wizards
  A worker ant (D:4)
  Natasha (D:5)
  An iguana (D:4)
  A killer bee zombie (D:6)
  A hound skeleton (D:6)
  4 adders
  An inept feature mimic (D:4)
  4 worms
  A giant gecko (D:4)
  An ooze (D:2)
  11 orcs
  2 giant cockroaches (D:4)
  7 goblins
  6 hobgoblins
  3 jackals (D:3)
  7 kobolds
  A quokka (D:3)
  3 bats
  2 giant newts
  9 rats
75 creatures vanquished.

Notes
Turn   | Place    | Note
--------------------------------------------------------------
     0 | D:1      | Psiweapon, the Kobold Enchanter, began the quest for the Orb.
     0 | D:1      | Reached XP level 1. HP: 10/10 MP: 3/3
   317 | D:1      | Reached XP level 2. HP: 15/15 MP: 2/4
   322 | D:1      | Learned a level 2 spell: Ensorcelled Hibernation
  1429 | D:2      | Reached XP level 3. HP: 7/19 MP: 1/6
  1437 | D:2      | Gained mutation: You tend to lose your temper in combat. [potion of mutation]
  1437 | D:2      | Gained mutation: You have a somewhat thin skeletal structure (Dex +2, Stlth). [potion of mutation]
  1437 | D:2      | Gained mutation: You are frail (-10% HP). [potion of mutation]
  1438 | D:2      | Gained mutation: Space occasionally distorts in your vicinity. [potion of mutation]
  1438 | D:2      | Gained mutation: You are resistant to hostile enchantments. [potion of mutation]
  1608 | D:2      | Reached skill level 4 in Stealth
  1872 | D:3      | Found a sparkling altar of Nemelex Xobeh.
  2026 | D:3      | Reached XP level 4. HP: 21/21 MP: 7/7
  2379 | D:3      | Found a sparkling altar of Nemelex Xobeh.
  2716 | D:4      | Reached skill level 5 in Stealth
  2716 | D:4      | Reached XP level 5. HP: 25/25 MP: 9/9
  3056 | D:4      | Found an ancient bone altar of Kikubaaqudgha.
  3060 | D:4      | Found a glowing silver altar of Zin.
  3060 | D:4      | Found an iron altar of Okawaru.
  3067 | D:4      | Found a bloodstained altar of Trog.
  3067 | D:4      | Found a deep blue altar of Sif Muna.
  3375 | D:5      | Entered Level 5 of the Dungeon
  3393 | D:5      | Noticed Natasha
  3396 | D:5      | Killed Natasha
  3396 | D:5      | Reached skill level 6 in Stealth
  3396 | D:5      | Reached skill level 5 in Hexes
  3396 | D:5      | Reached XP level 6. HP: 28/28 MP: 10/10
  3399 | D:5      | Noticed Blork the orc
  3403 | D:5      | Killed Blork the orc
  3505 | D:5      | Noticed a necrophage
  3522 | D:5      | Noticed timbw's ghost (experienced OgFi)
  3533 | D:4      | Killed a necrophage
  3533 | D:4      | Reached skill level 7 in Stealth
  3533 | D:4      | Reached XP level 7. HP: 5/25 MP: 10/12
  3537 | D:4      | Lost mutation: You are frail (-10% HP). [potion of cure mutation]
  3537 | D:4      | Lost mutation: You have a somewhat thin skeletal structure (Dex +2, Stlth). [potion of cure mutation]
  3537 | D:4      | Lost mutation: You tend to lose your temper in combat. [potion of cure mutation]
  3537 | D:4      | Lost mutation: You are resistant to hostile enchantments. [potion of cure mutation]
  3537 | D:4      | Lost mutation: Space occasionally distorts in your vicinity. [potion of cure mutation]
  3551 | D:5      | Noticed Sigmund
  3758 | D:6      | Reached skill level 8 in Stealth
  4195 | D:6      | Reached XP level 8. HP: 21/41 MP: 1/13
  4209 | D:6      | HP: 1/41 [orc/hand axe of flaming (7)]
  4209 | D:6      | Slain by an orc

Action                   |  1- 3 |  4- 6 |  7- 9 || total
-------------------------+-------+-------+-------++-------
Melee: Dagger            |    75 |    72 |    35 ||   182
       Rod               |       |       |     1 ||     1
Throw: Dart              |     4 |       |     1 ||     5
 Cast: Corona            |     3 |     1 |     3 ||     7
       Ensorcelled Hiber |    20 |    20 |    12 ||    52
Evoke: Rod               |     2 |    12 |     3 ||    17
       Wand              |       |     1 |       ||     1
  Use: Potion            |     4 |       |     4 ||     8
       Scroll            |       |     1 |     6 ||     7
 Stab: Sleeping          |    14 |    16 |     9 ||    39
       Distracted        |     1 |       |       ||     1
